BSA
ST CHARLES SHEENS @ SEATTLE PIKES
07/13/2029
 
TOP OF THE 1ST
St Charles Sheens batting - Pitching for Seattle Pikes : RHP Christian Camden
Pitching: RHP Christian Camden
Batting: RHB Víctor Arredondo 0-0: Ball
1-0: Called Strike
1-1: Ball
2-1: Ball
3-1: Foul Ball, location: 2F
3-2: Foul Ball, location: 2F
3-2: SINGLE (Line Drive, 8RS)
Batting: RHB Rob Brady 0-0: Swinging Strike
0-1: Ball
1-1: SINGLE (Groundball, 34D)
Víctor Arredondo to second
Runner from 2nd tries for 3rd, SAFE, no throw
Batting: RHB Miguel Encarnación 0-0: Ball
1-0: Called Strike
1-1: Ball
2-1: DOUBLE (Line Drive, 7D)
Víctor Arredondo scores
Rob Brady to third
Batting: RHB Max Rash 0-0: DOUBLE (Flyball, 89XD)
Rob Brady scores
Miguel Encarnación scores
Batting: RHB Dan Tyler 0-0: Called Strike
0-1: Ball
1-1: SINGLE (Groundball, 4MD)
Max Rash to third
Batting: LHB Benny Richard 0-0: Foul Ball, location: 2F
0-1: SINGLE (Flyball, 8LS)
Max Rash scores
Dan Tyler to second
Runner from 2nd tries for 3rd, SAFE, no throw
Batting: SHB Henry Copeland 0-0: Called Strike
0-1: Ball
1-1: Foul Ball, location: 2F
1-2: Ball
2-2: Strikes out looking
Batting: RHB Shawn Gutiérrez 0-0: Ball
1-0: Foul Ball, location: 2F
1-1: Fly out, F8 (Flyball, 8LM)
Runner from 3rd tags up, SCORES, throw made
Batting: LHB Nick Gamble 0-0: Called Strike
0-1: Ball
1-1: Ball
2-1: Called Strike
2-2: Foul Ball, location: 2F
2-2: Foul Ball, location: 2F
2-2: Ball
3-2: Base on Balls
Benny Richard to second
Batting: RHB Víctor Arredondo 0-0: Called Strike
0-1: Called Strike
0-2: Ball
1-2: Ball
2-2: Fielders Choice at 2nd, U4 (Groundball, 4M)
Top of the 1st over - 5 runs, 6 hits, 0 errors, 2 left on base; St Charles 5 - Seattle 0
BOTTOM OF THE 1ST
Seattle Pikes batting - Pitching for St Charles Sheens : RHP Tom Wallace
Pitching: RHP Tom Wallace
Batting: RHB Pete Rideout 0-0: Ground out 5-3 (Groundball, 56S)
Batting: SHB Nate Rhodes 0-0: Called Strike
0-1: DOUBLE (Line Drive, 89XD)
Batting: RHB Randy Sheppard 0-0: Fly out, F7 (Flyball, 7D)
Runner from 2nd tags up, SAFE at 3rd, no throw
Batting: LHB John Nicholson 0-0: Called Strike
0-1: Ball
1-1: Fly out, F8 (Flyball, 8LD)
Bottom of the 1st over - 0 runs, 1 hit, 0 errors, 1 left on base; St Charles 5 - Seattle 0
TOP OF THE 2ND
St Charles Sheens batting - Pitching for Seattle Pikes : RHP Christian Camden
Batting: RHB Rob Brady 0-0: DOUBLE (Line Drive, 7LM)
Batting: RHB Miguel Encarnación 0-0: Called Strike
0-1: Called Strike
0-2: Ball
1-2: Ball
2-2: Foul Ball, location: 2F
2-2: Ball
Wild Pitch!
Rob Brady to third
3-2: Foul Ball, location: 2F
3-2: Fly out, F9 (Line Drive, 9S)
Runner from 3rd tags up, SCORES, no throw
Batting: RHB Max Rash 0-0: Fly out, F9 (Flyball, 89S)
Batting: RHB Dan Tyler 0-0: Ball
1-0: Foul Ball, location: 2F
1-1: Called Strike
1-2: SINGLE (Groundball, 5) (infield hit)
Batting: LHB Benny Richard 0-0: Ball
1-0: Ball
2-0: Swinging Strike
2-1: Called Strike
2-2: SINGLE (Groundball, 34S) (infield hit)
Dan Tyler to second
Batting: SHB Henry Copeland 0-0: Called Strike
0-1: Foul Ball, location: 2F
0-2: Reached on error, E4 (Groundball, 4)
Dan Tyler to third
Benny Richard to second
Batting: RHB Shawn Gutiérrez 0-0: Ball
1-0: SINGLE (Line Drive, 78M)
Dan Tyler scores
Benny Richard to third
Henry Copeland to second
Runner from 3rd tries for Home, SAFE, no throw
Batting: LHB Nick Gamble 0-0: Called Strike
0-1: Ball
1-1: Ball
2-1: Fly out, F5 (Popup, 6S)
Top of the 2nd over - 3 runs, 4 hits, 1 error, 2 left on base; St Charles 8 - Seattle 0
BOTTOM OF THE 2ND
Seattle Pikes batting - Pitching for St Charles Sheens : RHP Tom Wallace
Batting: RHB Wallace Greene 0-0: Called Strike
0-1: Foul Ball, location: 2F
0-2: Ground out 4-3 (Groundball, 4)
Batting: SHB António Hernández 0-0: Ball
1-0: Called Strike
1-1: Called Strike
1-2: DOUBLE (Line Drive, 3D)
Batting: RHB António López 0-0: Called Strike
0-1: Foul Ball, location: 2F
0-2: Strikes out swinging
Batting: RHB Arnold Harmon 0-0: Ball
1-0: Called Strike
1-1: Foul Ball, location: 2F
1-2: Ground out 4-3 (Groundball, 4)
Bottom of the 2nd over - 0 runs, 1 hit, 0 errors, 1 left on base; St Charles 8 - Seattle 0
TOP OF THE 3RD
St Charles Sheens batting - Pitching for Seattle Pikes : RHP Christian Camden
Batting: RHB Víctor Arredondo 0-0: Fly out, F7 (Line Drive, 78XD)
Batting: RHB Rob Brady 0-0: Ball
1-0: Called Strike
1-1: Foul Ball, location: 2F
1-2: Ball
2-2: Foul Ball, location: 2F
2-2: Ball
3-2: Ground out 5-3 (Groundball, 5)
Batting: RHB Miguel Encarnación 0-0: Ball
1-0: Foul Ball, location: 2F
1-1: Ball
2-1: Swinging Strike
2-2: Ball
3-2: Ground out U3 (Groundball, 3S)
Top of the 3rd over - 0 runs, 0 hits, 0 errors, 0 left on base; St Charles 8 - Seattle 0
BOTTOM OF THE 3RD
Seattle Pikes batting - Pitching for St Charles Sheens : RHP Tom Wallace
Batting: RHB Robinson Pacheco 0-0: Called Strike
0-1: Ball
1-1: Foul Ball, location: 2F
1-2: Foul Ball, location: 2F
1-2: Ground out 6-3 (Groundball, 6M)
Batting: RHB Pete Rideout 0-0: Swinging Strike
0-1: Ground out 6-3 (Groundball, 6)
Batting: SHB Nate Rhodes 0-0: Swinging Strike
0-1: Swinging Strike
0-2: Ball
1-2: Ground out U3 (Groundball, 3)
Bottom of the 3rd over - 0 runs, 0 hits, 0 errors, 0 left on base; St Charles 8 - Seattle 0
TOP OF THE 4TH
St Charles Sheens batting - Pitching for Seattle Pikes : RHP Christian Camden
Batting: RHB Max Rash 0-0: Ball
1-0: Fly out, F8 (Flyball, 8LS)
Batting: RHB Dan Tyler 0-0: Ground out 4-3 (Groundball, 4)
Batting: LHB Benny Richard 0-0: Ground out 5-3 (Groundball, 56)
Top of the 4th over - 0 runs, 0 hits, 0 errors, 0 left on base; St Charles 8 - Seattle 0
BOTTOM OF THE 4TH
Seattle Pikes batting - Pitching for St Charles Sheens : RHP Tom Wallace
Batting: RHB Randy Sheppard 0-0: Called Strike
0-1: SINGLE (Line Drive, 89S)
Batting: LHB John Nicholson 0-0: Called Strike
Randy Sheppard steals 2nd base
0-1: Ball
1-1: Called Strike
1-2: Ball
2-2: Ball
3-2: Foul Ball, location: 2F
3-2: Fly out, F5 (Line Drive, 56)
Batting: RHB Wallace Greene 0-0: Ball
1-0: Ball
2-0: Foul Ball, location: 2F
2-1: Foul Ball, location: 2F
2-2: Ground out 4-3 (Groundball, 4)
Randy Sheppard to third
Batting: SHB António Hernández 0-0: Ball
1-0: Called Strike
1-1: Fly out, F7 (Flyball, 78XD)
Bottom of the 4th over - 0 runs, 1 hit, 0 errors, 1 left on base; St Charles 8 - Seattle 0
TOP OF THE 5TH
St Charles Sheens batting - Pitching for Seattle Pikes : RHP Christian Camden
Batting: SHB Henry Copeland 0-0: Ball
1-0: Fly out, F7 (Flyball, 78S)
Batting: RHB Shawn Gutiérrez 0-0: Swinging Strike
0-1: Foul Ball, location: 2F
0-2: Ball
1-2: Fly out, F9 (Flyball, 9LM)
Batting: LHB Nick Gamble 0-0: Foul Ball, location: 2F
0-1: Foul Ball, location: 2F
0-2: Foul Ball, location: 2F
0-2: Ball
1-2: Foul Ball, location: 2F
1-2: Strikes out swinging
Top of the 5th over - 0 runs, 0 hits, 0 errors, 0 left on base; St Charles 8 - Seattle 0
BOTTOM OF THE 5TH
Seattle Pikes batting - Pitching for St Charles Sheens : RHP Tom Wallace
Batting: RHB António López 0-0: Ball
1-0: Ball
2-0: Ball
3-0: Called Strike
3-1: Called Strike
3-2: Foul Ball, location: 2F
3-2: Base on Balls
Batting: RHB Arnold Harmon 0-0: Ball
1-0: Swinging Strike
1-1: Fielders Choice at 2nd, 6-4 (Groundball, 6)
Batting: RHB Robinson Pacheco 0-0: Ball
1-0: Called Strike
1-1: Ball
2-1: Ball
3-1: Base on Balls
Arnold Harmon to second
Batting: RHB Pete Rideout 0-0: Ball
1-0: Ball
2-0: Called Strike
2-1: Ball
3-1: Base on Balls
Arnold Harmon to third
Robinson Pacheco to second
Batting: SHB Nate Rhodes 0-0: Ball
1-0: Reached on error, E3 (Groundball, 3S)
Arnold Harmon scores
Robinson Pacheco scores
Pete Rideout to third
Batting: RHB Randy Sheppard 0-0: Ball
1-0: Fly out, F5 (Popup, 56S)
Batting: LHB John Nicholson 0-0: Fly out, F5 (Line Drive, 56)
Bottom of the 5th over - 2 runs, 0 hits, 1 error, 2 left on base; St Charles 8 - Seattle 2
TOP OF THE 6TH
St Charles Sheens batting - Pitching for Seattle Pikes : RHP Christian Camden
Pitching: RHP José Jiménez
Batting: RHB Víctor Arredondo 0-0: Swinging Strike
0-1: Called Strike
0-2: DOUBLE (Line Drive, 9LM)
Batting: RHB Rob Brady 0-0: Ball
1-0: Called Strike
1-1: Ball
2-1: SINGLE (Line Drive, 7S)
Víctor Arredondo to third
Batting: RHB Miguel Encarnación 0-0: Called Strike
0-1: Called Strike
0-2: Ball
1-2: Ball
2-2: Ball
3-2: Grounds into double play, 4-6-3 (Groundball, 4)
Víctor Arredondo scores
Batting: RHB Max Rash 0-0: Ball
1-0: Called Strike
1-1: Swinging Strike
1-2: Strikes out swinging
Top of the 6th over - 1 run, 2 hits, 0 errors, 0 left on base; St Charles 9 - Seattle 2
BOTTOM OF THE 6TH
Seattle Pikes batting - Pitching for St Charles Sheens : RHP Tom Wallace
Batting: RHB Wallace Greene 0-0: Called Strike
0-1: Ball
1-1: Fly out, F7 (Flyball, 7LS)
Batting: SHB António Hernández 0-0: Called Strike
0-1: Foul Ball, location: 2F
0-2: Foul Ball, location: 2F
0-2: Strikes out swinging
Batting: RHB António López 0-0: Fly out, F8 (Flyball, 8LM)
Bottom of the 6th over - 0 runs, 0 hits, 0 errors, 0 left on base; St Charles 9 - Seattle 2
TOP OF THE 7TH
St Charles Sheens batting - Pitching for Seattle Pikes : RHP José Jiménez
Batting: RHB Dan Tyler 0-0: Ground out 5-3 (Groundball, 5S)
Batting: LHB Benny Richard 0-0: Ball
1-0: Fly out, F5 (Popup, 56S)
Batting: SHB Henry Copeland 0-0: Ball
1-0: Ground out 4-3 (Groundball, 4)
Top of the 7th over - 0 runs, 0 hits, 0 errors, 0 left on base; St Charles 9 - Seattle 2
BOTTOM OF THE 7TH
Seattle Pikes batting - Pitching for St Charles Sheens : RHP Tom Wallace
Batting: RHB Arnold Harmon 0-0: Swinging Strike
0-1: Ball
1-1: Fly out, F8 (Flyball, 8LS)
Batting: RHB Robinson Pacheco 0-0: Called Strike
0-1: Ground out 6-3 (Groundball, 6)
Batting: RHB Pete Rideout 0-0: Ball
1-0: Fly out, F7 (Flyball, 78S)
Bottom of the 7th over - 0 runs, 0 hits, 0 errors, 0 left on base; St Charles 9 - Seattle 2
TOP OF THE 8TH
St Charles Sheens batting - Pitching for Seattle Pikes : RHP José Jiménez
Batting: RHB Shawn Gutiérrez 0-0: Ball
1-0: Ball
2-0: Foul Ball, location: 2F
2-1: Foul Ball, location: 2F
2-2: Strikes out swinging
Batting: LHB Nick Gamble 0-0: Ball
1-0: SINGLE (Groundball, 6MD)
Batting: RHB Víctor Arredondo 0-0: Called Strike
0-1: Ball
1-1: Swinging Strike
1-2: Ball
2-2: Foul Ball, location: 2F
2-2: 2-RUN HOME RUN (Line Drive, 7D), Distance : 373 ft
Batting: RHB Rob Brady 0-0: Ball
1-0: Ball
2-0: Ball
3-0: Called Strike
3-1: SINGLE (Line Drive, 56)
Batting: RHB Miguel Encarnación 0-0: SINGLE (Line Drive, 56D)
Rob Brady to second
Batting: RHB Max Rash 0-0: Ball
1-0: SINGLE (Groundball, 6D)
Rob Brady to third
Miguel Encarnación to second
Batting: RHB Dan Tyler 0-0: Ball
1-0: Swinging Strike
1-1: Swinging Strike
1-2: Grounds into double play, U5-3 (Groundball, 5L)
Top of the 8th over - 2 runs, 5 hits, 0 errors, 2 left on base; St Charles 11 - Seattle 2
BOTTOM OF THE 8TH
Seattle Pikes batting - Pitching for St Charles Sheens : RHP Tom Wallace
Batting: SHB Nate Rhodes 0-0: Foul Ball, location: 2F
0-1: Ball
1-1: Fly out, F7 (Flyball, 7LM)
Batting: RHB Randy Sheppard 0-0: Called Strike
0-1: Swinging Strike
0-2: Strikes out swinging
Batting: LHB John Nicholson 0-0: Foul Ball, location: 2F
0-1: Ball
1-1: Swinging Strike
1-2: Foul Ball, location: 2F
1-2: Ball
2-2: Ball
3-2: Foul Ball, location: 2F
3-2: Strikes out swinging
Bottom of the 8th over - 0 runs, 0 hits, 0 errors, 0 left on base; St Charles 11 - Seattle 2
TOP OF THE 9TH
St Charles Sheens batting - Pitching for Seattle Pikes : RHP José Jiménez
Pitching: LHP Cristián Escobar
Batting: LHB Benny Richard 0-0: Ball
1-0: Ball
2-0: Ball
3-0: Called Strike
3-1: Ground out U3 (Groundball, 3)
Batting: SHB Henry Copeland 0-0: Ball
1-0: Ball
2-0: Ball
3-0: Base on Balls
Batting: RHB Shawn Gutiérrez 0-0: Ball
1-0: Ball
2-0: Fly out, F7 (Flyball, 7S)
Batting: LHB Nick Gamble 0-0: Ball
1-0: Called Strike
1-1: Foul Ball, location: 2F
1-2: Strikes out swinging
Top of the 9th over - 0 runs, 0 hits, 0 errors, 1 left on base; St Charles 11 - Seattle 2
BOTTOM OF THE 9TH
Seattle Pikes batting - Pitching for St Charles Sheens : RHP Tom Wallace
Batting: RHB Wallace Greene 0-0: Foul Ball, location: 2F
0-1: Ball
1-1: Ball
2-1: SOLO HOME RUN (Flyball, 9LD), Distance : 328 ft
Batting: SHB António Hernández 0-0: Called Strike
0-1: Foul Ball, location: 2F
0-2: Ball
1-2: TRIPLE (Flyball, 9LD)
Batting: RHB António López 0-0: Swinging Strike
0-1: Ball
1-1: Swinging Strike
1-2: Foul Ball, location: 2F
1-2: SINGLE (Line Drive, 89S)
António Hernández scores
Batting: RHB Arnold Harmon 0-0: SINGLE (Line Drive, 34)
António López to second
Pitching: RHP António Ojeda
Batting: RHB Robinson Pacheco 0-0: Foul Ball, location: 2F
0-1: Ball
1-1: Foul Ball, location: 2F
1-2: Foul Ball, location: 2F
1-2: Strikes out swinging
Batting: RHB Pete Rideout 0-0: Ball
1-0: DOUBLE (Line Drive, 78XD)
António López scores
Arnold Harmon to third
Batting: SHB Nate Rhodes 0-0: Ball
1-0: Called Strike
1-1: Ball
2-1: Ball
3-1: Ground out 4-3 (Groundball, 4)
Arnold Harmon scores
Pete Rideout to third
Batting: RHB Randy Sheppard 0-0: Ball
1-0: Foul Ball, location: 2F
1-1: Foul Ball, location: 2F
1-2: Foul Ball, location: 2F
1-2: Ball
2-2: Foul Ball, location: 2F
2-2: Foul Ball, location: 2F
2-2: Strikes out swinging
Bottom of the 9th over - 4 runs, 5 hits, 0 errors, 1 left on base; St Charles 11 - Seattle 6
Saturday, December 16th, 2017 - OOTP Baseball 18.8 Build 76